cohdb
Replays
Latest Replays
All Replays
Popular Replays
Top Player Replays
Match Explorer
How It Works
Community
CoH3 Stats
Reddit
Sign in to upload your games and track your stats! →
Sign in with Steam
Match 44110791
Unlisted
Match 44110791
Overview
Messages
Build Orders
End
Vickers Machine Gun Team
Construct Section Command Post
Dingo Light Scout Car
Infantry Section
Construct Platoon Command Post
Selects Indian Artillery Battlegroup
6-pounder Anti-tank Gun Team
Royal Engineer Section
Selects Valour
CMP 15cwt Truck
Selects Gurkha Rifles Section
Gurkha Rifles Section
Selects Artillery Saturation
Infantry Training
Construct Company Command Post
Unlock M3 Grant Medium Tanks
Selects Volunteer Infantry
M3 Grant Medium Tank
Selects Off-map Airburst Barrage
M3 Grant Medium Tank
Foot Guards Section
Off-map Airburst Barrage
ßoo
Albator*99
Danongames
Thridi
LEOPARD1492
Steel Striker
Enocometalero
belisarius
0
0
Comments
sign in to comment!
No comments posted yet!